 Dungeon Crawl Stone Soup version 0.24.0-1-gfbc8707122 (webtiles) character file.

Game seed: 10821616367263039672, levelgen mode: deterministic

457 Arum the Skirmisher (level 7, -15/55 HPs)
             Began as a Formicid Abyssal Knight on Oct 28, 2019.
             Was a Believer of Lugonu.
             Demolished by an ogre
             ... wielding a +0 giant club
              (18 damage)
             ... on level 4 of the Dungeon.
             The game lasted 00:06:40 (3381 turns).

Arum the Skirmisher (Formicid Abyssal Knight)       Turns: 3381, Time: 00:06:42

Health: -15/55     AC:  0    Str: 17    XL:     7   Next: 27%
Magic:  8/8        EV: 13    Int: 11    God:    Lugonu [**....]
Gold:   167        SH:  5    Dex: 12    Spells: 6/6 levels left

rFire    . . .     SeeInvis +   p - +4 quarterstaff (chaos)
rCold    . . .     Gourm    .   h - +0 buckler
rNeg     . . .     Faith    .   s - +0 scale mail
rPois    .         Spirit   .   (helmet unavailable)
rElec    .         Reflect  .   q - +0 cloak
rCorr    .         Harm     .   (no gloves)
MR       .....                  (no boots)
Stlth    ..........             (no amulet)
HPRegen  0.18/turn              i - +4 ring of evasion
MPRegen  0.11/turn              (no ring)

@: corroded
A: permanent stasis, dig shafts and tunnels, four strong arms, antennae 3
a: Dig, Shaft Self, Depart the Abyss, Bend Space, Renounce Religion


You were on level 4 of the Dungeon.
You worshipped Lugonu.
Lugonu was pleased with you.
You were not hungry.

You visited 1 branch of the dungeon, and saw 4 of its levels.
You visited the Abyss 1 time.

You collected 167 gold pieces.

Inventory:

Hand Weapons
 a - a +1 falchion
 p - a +4 quarterstaff of chaos (weapon)
Missiles
 o - a throwing net (quivered)
Armour
 h - a +0 buckler (worn)
 q - a +0 cloak (worn)
 s - a +0 scale mail (worn)
Jewellery
 i - a +4 ring of evasion (left hand)
 r - a cursed amulet of inaccuracy {unknown}
Scrolls
 f - 3 scrolls of remove curse {unknown}
 g - a scroll of amnesia {unknown}
 k - 3 scrolls of identify {unknown}
 t - a scroll of enchant armour {unknown}
Potions
 d - a potion of degeneration {unknown}
 e - a potion of curing {unknown}
 j - 2 potions of haste {unknown}
 l - a potion of agility {unknown}
 m - a potion of heal wounds {unknown}
 n - a potion of mutation {unknown}
Comestibles
 b - 7 chunks of flesh
 c - 2 rations


   Skills:
 + Level 4.9 Fighting
 - Level 2.9 Long Blades
 * Level 2.8 Staves
 + Level 4.2 Armour
 - Level 0.8 Dodging
 - Level 4.0 Shields
 - Level 2.1 Invocations


You had 6 spell levels left.
You didn't know any spells.
Your spell library was empty.

Dungeon Overview and Level Annotations

Branches:
Dungeon (4/15)
 Temple: D:4-7

Altars:
Kikubaaqudgha
Makhleb
Vehumet

Annotations:
D:4 Ijyb


Innate Abilities, Weirdness & Mutations

You cannot be hasted, slowed, berserked, paralysed or teleported.
You can dig through walls and to a lower floor.
Your four strong arms can wield two-handed weapons with a shield.
You have a pair of large antennae on your head. (SInv)


Message History

The hound bites you but does no damage. You block the hound's attack.
You thump the hound! You burn the hound.
You kill the hound!
Lugonu accepts your kill.
Ijyb the Twisted Goblin comes into view.
She is carrying a wand of acid (12).
The ogre barely misses you.
Ijyb zaps a wand.
The bolt of acid hits you! The acid corrodes you!
You are splashed with acid!
You hit the ogre.
The ogre is lightly wounded.
The ogre misses you.
You sock the ogre! Lightning courses through the ogre!
The ogre is severely wounded.
You block the ogre's attack.
You hit the ogre. You freeze the ogre.
The ogre is almost dead.
Ijyb zaps a wand.
The bolt of acid hits you! The acid corrodes you!
You are splashed with acid!
* * * LOW HITPOINT WARNING * * *
The ogre hits you with a +0 giant club!!
You die...

.# #..###.###.##[#
.## #..........##.#
..###..####..####.#
.......# ..#
##.####### ..###..#
#..# #........# .##
##.#
##..###..#####.# ##
#............# .#
##......###.## .#
.### #@# .# ..
#.O.# .# { ..
......# .#
..g#....# .#.#
##....#..# ...#
####. ..# #### ##
#.# .#


You could see an ogre and Ijyb.

Vanquished Creatures
  A scorpion (D:4)
  A hound (D:4)
  Crazy Yiuf (D:2)
  Jessica (D:2)
  4 orc wizards
  Terence (D:3)
  3 worker ants
  3 adders
  5 dart slugs
  17 orcs
  4 bats
  3 giant cockroaches
  9 hobgoblins
  4 jackals
  A quokka (D:2)
  2 frilled lizards (D:2)
  4 goblins
  6 kobolds
  10 rats
  A rat zombie (D:2)
81 creatures vanquished.

Notes
Turn   | Place    | Note
-------+----------+-------------------------------------------
     0 | Abyss:1  | Arum the Formicid Abyssal Knight began the quest for the
                  | Orb.
     0 | Abyss:1  | Reached XP level 1. HP: 18/18 MP: 2/2
    30 | Abyss:1  | Found a corrupted altar of Lugonu.
    65 | Abyss:1  | Noticed a chaos spawn
    66 | D:1      | Escaped the Abyss
   392 | D:1      | Reached * piety under Lugonu
   392 | D:1      | Reached XP level 2. HP: 23/24 MP: 3/3
   441 | D:1      | Reached skill level 1 in Shields
   888 | D:2      | Reached XP level 3. HP: 28/29 MP: 4/4
   948 | D:2      | Found a radiant altar of Vehumet.
   965 | D:2      | Noticed Jessica
   987 | D:2      | Killed Jessica
   987 | D:2      | Reached XP level 4. HP: 10/37 MP: 5/5
  1519 | D:2      | Found an ancient bone altar of Kikubaaqudgha.
  1646 | D:2      | Reached XP level 5. HP: 39/42 MP: 6/6
  1676 | D:2      | Found a runed translucent door.
  1677 | D:2      | Noticed Crazy Yiuf
  1693 | D:2      | Killed Crazy Yiuf
  2326 | D:3      | Reached ** piety under Lugonu
  2392 | D:3      | Reached XP level 6. HP: 48/48 MP: 7/7
  2397 | D:3      | Reached skill level 1 in Staves
  2775 | D:3      | Noticed Terence
  2784 | D:3      | Killed Terence
  3175 | D:4      | Found a burning altar of Makhleb.
  3181 | D:4      | Reached XP level 7. HP: 44/55 MP: 8/8
  3378 | D:4      | Noticed Ijyb
  3381 | D:4      | Demolished by an ogre

Levels and vault maps discovered:
D:1:      giann_horns, layout_loops_ring
D:2:      layout_loops_ring, vehumet_crystals,
          lemuel_zombie_altar_kikubaaqudgha, uniq_crazy_yiuf_cottage,
          uniq_jessica
D:3:      layout_basic, uniq_terence
D:4:      layout_loops_ring, lemuel_doored_altar, old_standard_altar,
          first_ration, uniq_edmund, uniq_blork_the_orc, uniq_ijyb,
          uniq_eustachio, uniq_grinder

Skill      XL: |  1  2  3  4  5  6 |
---------------+-------------------+-----
Shields        | 1 2 3 4 |  4.0
Armour         | 3 4 |  4.2
Fighting       | 4 |  4.9
Staves         | 2 |  2.8
Long Blades    | |  2.9
Dodging        | |  0.8
Invocations    | |  2.1

Action                   |  1- 3 |  4- 6 |  7- 9 || total
-------------------------+-------+-------+-------++-------
Melee: Falchion          |    80 |    47 |       ||   127
       Quarterstaff      |       |   105 |    15 ||   120
Invok: Depart the Abyss  |     1 |       |       ||     1
 Abil: Dig               |       |     1 |       ||     1
 Stab: Confused          |       |     1 |       ||     1
  Eat: Chunk             |       |     8 |       ||     8
Armor: Leather armour    |    22 |    14 |       ||    36
       Scale mail        |       |     7 |     1 ||     8
Dodge: Dodged            |    34 |   106 |     9 ||   149
Block: Buckler           |     8 |    23 |     3 ||    34
       Rpst.: Falchion   |    11 |    12 |       ||    23
